 Dungeon Crawl Stone Soup version 0.20.1-1-g8b1a95d66d (webtiles) character file.

898 Ivernyr the Digger (level 7, 52/55 HPs)
             Began as a Deep Dwarf Earth Elementalist on Nov 27, 2017.
             Quit the game on level 3 of the Dungeon.
             The game lasted 00:19:23 (4686 turns).

Ivernyr the Digger (Deep Dwarf Earth Elementalist)  Turns: 4686, Time: 00:19:24

Health: 52/55      AC:  2    Str: 11    XL:     7   Next: 79%
Magic:  1/2        EV: 15    Int: 18    God:
Gold:   98         SH:  0    Dex: 13    Spells: 6/12 levels left

rFire    . . .     SeeInvis .   p - +0 broad axe
rCold    . . .     Gourm    .   (no shield)
rNeg     . . .     Faith    .   c - +0 robe
rPois    .         Spirit   .   (no helmet)
rElec    .         Reflect  .   (no cloak)
rCorr    .         Harm     .   (no gloves)
MR       +....                  (no boots)
Stlth    ++........             m - amulet of inaccuracy (curse)
Regen    0.0/turn               (no ring)
MPRegen  0.1/turn               (no ring)

@: mildly poisoned (52 -> 44), non-regenerating
A: damage resistance, heal wounds, sense surroundings 1, no regeneration
a: Heal Wounds


You were on level 3 of the Dungeon.
You were not hungry.

You visited 1 branch of the dungeon, and saw 4 of its levels.
You also visited: Ossuary.

You collected 98 gold pieces.

Inventory:

Hand Weapons
 p - a +0 broad axe (weapon)
Armour
 c - a +0 robe (worn)
Jewellery
 m - a cursed amulet of inaccuracy (around neck)
Wands
 n - a wand of random effects (25/48)
 s - a wand of flame (31/48)
Scrolls
 f - 3 scrolls of enchant weapon {unknown}
 j - a scroll of recharging {unknown}
 q - a scroll of identify {unknown}
 r - a scroll of remove curse {unknown}
 t - a scroll of teleportation {unknown}
 v - a scroll of summoning {unknown}
 y - a scroll of enchant armour {unknown}
Potions
 d - 4 potions of brilliance {unknown}
 g - a potion of mutation {unknown}
 i - a potion of agility {unknown}
 k - a potion of resistance {unknown}
 l - 2 potions of heal wounds {unknown}
 o - 4 potions of flight {unknown}
 u - a potion of lignification {unknown}
 w - a potion of curing {unknown}
 x - a potion of haste {unknown}
 z - a potion of berserk rage {unknown}
Books
 e - a book of Geomancy

   Spells                             Type                      Level
   a - Sandblast                      Earth                        1
   b - Passwall                       Transmutation/Earth          2
   c - Stone Arrow                    Conjuration/Earth            3
   d - Petrify                        Transmutation/Earth          4
   e - Lee's Rapid Deconstruction     Earth                        5
Comestibles
 a - 4 royal jellies


   Skills:
 + Level 5.6 Dodging
 - Level 2.4 Stealth
 - Level 3.0 Spellcasting
 + Level 4.0 Conjurations
 - Level 0.8 Transmutations
 + Level 7.7 Earth Magic


You had 6 spell levels left.
You knew the following spells:

 Your Spells              Type           Power        Failure   Level  Hunger
a - Sandblast             Erth           ####..       1%          1    None
b - Passwall              Tmut/Erth      ###.......   4%          2    ##.....
c - Stone Arrow           Conj/Erth      ###...       4%          3    ###....


Dungeon Overview and Level Annotations

Branches:
Dungeon (4/15)
 Temple: D:4-7

Altars:
Gozag
Zin


Innate Abilities, Weirdness & Mutations

You are resistant to damage.
You can heal yourself by infusing magical energy.
You passively map a small area around you.
You do not regenerate.


Message History

Things that are here:
a dagger of venom; a robe You fail to use your ability.
You feel very sick.
You feel much better.
You feel very sick.
Your magical essence is drained by the effort!
You feel much better.
You feel very sick.
Your magical essence is drained by the effort!
You feel much better.
You feel very sick.
You feel much better.
You feel very sick.
Your magical essence is drained by the effort!
You feel much better.
You feel sick.
Your magical essence is drained by the effort!
You feel much better.
You feel very sick.
Are you sure you want to abandon this character and quit the game? (Confirm with "yes".)

########## ########
#........# #......#
###.######.# #.####.#
##.......##.# #.# #.#
.......#.##.###[## #)#
.#...............# #)#
...#...####.###..# #.#
.###........# #.># #.#
.<....#########.@###.#
#####.# #.......#
##'## #.#.#.###
##...## ####.#.#.##
##.....###.........#
##.......##.##...#..#
#...[.....#.##...#[.#
'.........+.........#
#.........#.........#


There were no monsters in sight!

Vanquished Creatures
  Sigmund (D:3)
  Duvessa (D:3)
  A phantom (D:3)
  An ogre (D:4)
  Dowan (D:3)
  A bullfrog skeleton (D:4)
  An orc wizard (D:3)
  14 mummies
  4 adders
  5 gnolls
  An ooze (D:3)
  A worm (D:3)
  3 dart slugs
  3 leopard geckos
  7 orcs
  3 giant cockroaches
  7 hobgoblins
  6 kobolds
  2 quokkas (D:3)
  8 bats
  7 frilled lizards
  2 gnoll skeletons (Ossuary)
  7 goblins
  A goblin skeleton (Ossuary)
  A kobold skeleton (Ossuary)
  2 kobold zombies (D:4)
  3 orc skeletons (Ossuary)
  7 rats
  11 rat skeletons (Ossuary)
  A plant (D:1)
113 creatures vanquished.

Vanquished Creatures (others)
  A gnoll skeleton (Ossuary)
  5 toadstools (D:1)
6 creatures vanquished.

Grand Total: 119 creatures vanquished

Notes
Turn   | Place    | Note
-------+----------+-------------------------------------------
     0 | D:1      | Ivernyr the Deep Dwarf Earth Elementalist began the quest for the Orb.
     0 | D:1      | Reached XP level 1. HP: 15/15 MP: 3/3
   384 | D:1      | Reached XP level 2. HP: 22/22 MP: 3/5
   441 | D:1      | Learned a level 2 spell: Passwall
  1312 | D:2      | Reached XP level 3. HP: 28/28 MP: 2/6
  1324 | D:2      | Found an opulent altar of Gozag.
  1324 | D:2      | Found a glowing silver altar of Zin.
  1607 | D:2      | Learned a level 3 spell: Stone Arrow
  1629 | D:2      | Reached XP level 4. HP: 36/36 MP: 1/8
  1827 | D:2      | Reached skill level 5 in Earth Magic
  1879 | D:3      | Noticed Sigmund
  1890 | D:3      | Killed Sigmund
  1890 | D:3      | Reached skill level 1 in Conjurations
  1890 | D:3      | Reached XP level 5. HP: 42/42 MP: 1/9
  2082 | D:3      | Reached XP level 6. HP: 45/49 MP: 3/10
  2306 | D:3      | Reached skill level 6 in Earth Magic
  3706 | D:4      | Found a sand-covered staircase.
  3746 | Ossuary  | Entered an ossuary
  3906 | Ossuary  | Reached XP level 7. HP: 51/55 MP: 6/10
  4220 | Ossuary  | Reached skill level 5 in Dodging
  4283 | Ossuary  | Reached skill level 7 in Earth Magic
  4515 | D:4      | Noticed Duvessa
  4515 | D:4      | Noticed Dowan
  4658 | D:3      | Killed Duvessa
  4669 | D:3      | HP: 1/55 [poisoned by Dowan]
  4677 | D:3      | Killed Dowan
  4686 | D:3      | Quit the game

Skill      XL: |  1  2  3  4  5  6  7 |
---------------+----------------------+-----
Spellcasting   | 2 3 |  3.0
Dodging        | 3 4 5 |  5.6
Earth Magic    | 5 6 7 |  7.7
Conjurations   | 1 2 4 |  4.0
Stealth        | |  2.4
Transmutations | |  0.8

Action                   |  1- 3 |  4- 6 |  7- 9 || total
-------------------------+-------+-------+-------++-------
Melee: Unarmed           |   405 |       |       ||   405
       Broad axe         |       |    52 |    73 ||   125
 Cast: Sandblast         |    33 |    70 |    44 ||   147
       Stone Arrow       |     1 |    30 |    10 ||    41
 Abil: Heal Wounds       |       |     5 |    17 ||    22
  Eat: Bread ration      |     1 |     1 |       ||     2
       Chunk             |       |     6 |       ||     6
       Meat ration       |       |       |     1 ||     1
Armor: Robe              |     2 |    11 |    15 ||    28
Dodge: Dodged            |     1 |    98 |   106 ||   205
